 Dungeon Crawl Stone Soup version 0.29.1-15-g9cfb28693d (webtiles) character file.

Game seed: 16353236854431050128

8190 croobank the Cruncher (level 11, 0/71 HPs)
             Began as a Demonspawn Fire Elementalist on Mar 22, 2023.
             Was an Elder of Hepliaklqana.
             Slain by Grum
             ... wielding a -1 spear of venom
              (12 damage)
             ... on level 9 of the Dungeon on Mar 23, 2023.
             The game lasted 00:35:56 (12142 turns).

croobank the Cruncher (DsFE)                       Turns: 12142, Time: 00:35:56

Health: 0/71       AC:  5    Str:  9    XL:     11   Next: 6%
Magic:  11/18      EV: 13    Int: 20    God:    Hepliaklqana [****..]
Gold:   514        SH:  6    Dex: 14    Spells: 10/20 levels left

rFire   + . .      SeeInvis .   V - +7 lajatang of Order {silver, rMut}
rCold   . . .      Faith    .   (shield currently unavailable)
rNeg    . . .      Spirit   .   P - +0 troll leather armour
rPois   .          Reflect  .   (no helmet)
rElec   .          Harm     .   N - +0 cloak
rCorr   +          Rampage  .   (no gloves)
rMut    +                       (no boots)
Will    .....                   j - amulet of regeneration
Stlth   +++.......              k - ring of resist corrosion
HPRegen 1.81/turn               (no ring)
MPRegen 0.16/turn

@: lethally poisoned (0 -> -10)
A: reduced essence, claws 2, large bone plates 2, demonic guardian 1, spiny 2,
talons 1, fire resistance 1, no potion heal 1
a: Renounce Religion, Recall Ancestor, Ancestor Identity, Transference, Idealise


You were on level 9 of the Dungeon.
You worshipped Hepliaklqana.
Hepliaklqana was greatly pleased with you.
You visited 2 branches of the dungeon, and saw 10 of its levels.
You also visited: Sewer and Bailey.

You collected 514 gold pieces.

Inventory:

Hand Weapons
 b - a +0 dagger
 h - a +0 hand axe
 i - a +0 quarterstaff
 m - a +0 short sword
 u - a +3 short sword of venom
 v - a +0 war axe
 F - a +2 hand axe of electrocution
 L - a +3 halberd
 M - a +2 quarterstaff of chaos
 T - a +3 short sword of freezing
 U - a +0 broad axe
 V - the +7 lajatang of Order (weapon) {silver, rMut}
   (You acquired it in a bailey)

   It inflicts extra damage upon those it strikes, and deals substantially
   increased damage to chaotic, mutated and magically transformed beings.
   rMut:      It protects you from mutation.
 W - the +7 flail "Xozaqiq" {freeze, rPois rN+ Dex+3 SInv}
   (You found it in a bailey)

   It freezes those it strikes, dealing additional cold damage.
   It can also slow down cold-blooded creatures.
   Dex:       It affects your dexterity (+3).
   rPois:     It protects you from poison.
   rN:        It protects you from negative energy.
   SInv:      It lets you see invisible.
Missiles
 p - 10 boomerangs (quivered)
 E - 10 poisoned darts
Armour
 a - a +1 robe
 c - a +0 ring mail
 q - an orb of wrath
 N - a +0 cloak (worn)
 P - a +0 troll leather armour (worn)
 X - a +2 leather armour of willpower
Jewellery
 j - an amulet of regeneration (around neck)
 k - a ring of resist corrosion (left claw)
 C - an amulet of magic regeneration
 Q - a ring of fire
 Y - an amulet of reflection
Wands
 w - a wand of paralysis (41)
 x - a wand of flame (20)
 D - a wand of iceblast (12)
Scrolls
 l - 4 scrolls of enchant armour
 n - 4 scrolls of blinking
 t - 3 scrolls of fear
 y - a scroll of poison
 B - 2 scrolls of fog
 G - 3 scrolls of teleportation
 I - a scroll of immolation
 J - a scroll of silence {unknown}
 K - a scroll of amnesia {unknown}
 O - a scroll of vulnerability {unknown}
Potions
 d - 2 potions of curing
 e - 2 potions of ambrosia
 f - a potion of degeneration {unknown}
 g - 2 potions of attraction {unknown}
 o - a potion of heal wounds
 r - a potion of berserk rage
 s - 2 potions of mutation
 z - 2 potions of lignification {unknown}
 A - a potion of resistance {unknown}
 H - 2 potions of haste {unknown}
 R - a potion of flight
 S - 3 potions of magic


   Skills:
 - Level 5.0 Fighting
 + Level 9.7 Staves
 - Level 4.8 Dodging
 - Level 5.3 Stealth
 - Level 5.1 Spellcasting
 - Level 4.9 Conjurations
 - Level 5.2 Fire Magic
 - Level 6.9 Invocations


You had 10 spell levels left.
You knew the following spells:

 Your Spells              Type           Power      Damage    Failure   Level
a - Foxfire               Conj/Fire      100%       2x1d9     1%          1
b - Scorch                Fire           52%        2d8       2%          2
c - Flame Wave            Conj/Fire      25%        2d8       21%         4
d - Inner Flame           Hex/Fire       15%        N/A       17%         3

Your spell library contained the following spells:

 Spells                   Type           Power      Damage    Failure   Level
 Magic Dart               Conj           100%       1d8       1%          1
 Conjure Flame            Conj/Fire      25%        6-21      6%          3
 Stone Arrow              Conj/Erth      30%        3d8       17%         3
 Call Imp                 Summ           5%         N/A       24%         2
 Mephitic Cloud           Conj/Pois/Air  11%        N/A       24%         3
 Gell's Gravitas          Tloc           5%         N/A       43%         3
 Lesser Beckoning         Tloc           5%         N/A       43%         3
 Teleport Other           Tloc           5%         N/A       43%         3
 Animate Armour           Summ/Erth      10%        N/A       85%         4
 Petrify                  Tmut/Erth      5%         N/A       85%         4
 Metabolic Englaciation   Hex/Ice        2%         N/A       99%         5
 Statue Form              Tmut/Erth      3%         N/A       100%        6
 Lehudib's Crystal Spear  Conj/Erth      7%         10d3      100%        8


Dungeon Overview and Level Annotations

Branches:
Dungeon (9/15)             Temple (1/1) D:5           Sewer (visited)
 Bailey (visited)
   Lair: D:8-11         Orc: D:9-12

Altars:
Ashenzari
Fedhas
Hepliaklqana
Kikubaaqudgha
Nemelex Xobeh
Qazlal
Xom
Yredelemnul

Annotations:
D:7 3 runed translucent doors, growler's ghost, novice MfTm
D:9 Grum


Innate Abilities, Weirdness & Mutations

Your life essence is reduced to manifest your ancestor. (-10% HP)
You have very sharp fingernails.
You are mostly covered in large bone plates. (SH +6)
A weak demonic guardian rushes to your aid.
You are mostly covered in sharp spines.
You have sharp toenails.
Your flesh is heat resistant. (rF+)
Potions are less effective at restoring your health.


Message History

The hellwing closely misses you.
Something hits Edmée but does no damage.
Grum hits Edmée with a -1 spear of venom!!
Edmée is destroyed!
Your system partially rejects the healing.
You feel much better.
You feel very sick. The hellwing hits you.
* * * LOW HITPOINT WARNING * * *
The hellwing misses you.
Grum bares his teeth.
Your shadow imp gestures at the kobold demonologist.
The kobold demonologist writhes in agony!
Your system partially rejects the healing.
You feel much better.
You feel yourself speed up.
You feel very sick. The hellwing completely misses you.
The hellwing misses you.
Your shadow imp closely misses the kobold demonologist.
The hellwing is struck by your spines.
The hellwing hits you but does no damage. x2
Grum hits you from afar with a -1 spear of venom!
* * * LOW HITPOINT WARNING * * *
A demonic guardian appears!
You are more poisoned.
The kobold demonologist closely misses your shadow imp.
Casting: Scorch (safe; 2% risk of failure)
Confirm with . or Enter, or press ? or * to list all spells.
Casting: Flame Wave (dangerous; 21% risk of failure)
Press: ? - help, Dir - look around, f - activate A wave of flame ripples out!
The flame wave engulfs the kobold demonologist.
You kill the kobold demonologist!
The hellwing disappears in a puff of smoke!
Your demonic guardian avoids your attack. (Press . to intensify the flame waves.)
* * * LOW HITPOINT WARNING * * *
You feel extremely sick.
Grum hits you from afar with a -1 spear of venom!
You die... ..# .. .y #.. ..# #o .# #.. #.... ....# #.#. e#.# ..o oh.

# # #h#.# .#.#
######g#####...#
.......5))....# #
.........@..###.#
##.......§5..<>.#
#.##############
#


You could see Grum (ally target), an orc warrior, a wolf and 2 friendly shadow
imps.

Vanquished Creatures
  2 kobold demonologists
  Grinder (D:5)
  A troll (D:6)
  Sigmund (D:3)
  A wraith (D:9)
  Menkaure (D:5)
  Duvessa (D:7)
  2 sky beasts (D:7)
  5 orc warriors (Bailey)
  An ice beast (D:5)
  2 black bears (D:6)
  3 ogres
  Blork the orc (D:4)
  2 bullfrogs
  A necrophage (D:7)
  4 scorpions
  3 wights (D:7)
  7 killer bees
  A howler monkey (D:6)
  An electric eel (Bailey)
  6 hounds
  A jelly (D:6)
  Crazy Yiuf (D:5)
  Ijyb (D:4)
  6 iguanas
  Natasha (thrice) (D:3)
  5 orc wizards
  2 gnolls (Bailey)
  8 adders
  7 river rats (Sewer)
  A shadow imp (D:7)
  2 white imps
  3 ufetubi
  4 worms
  5 dart slugs
  23 orcs
  11 ball pythons
  9 endoplasms
  5 giant cockroaches
  10 goblins
  9 hobgoblins
  14 jackals
  3 kobolds
  7 quokkas
  6 bats
  4 frilled lizards
  6 rats
203 creatures vanquished.

Vanquished Creatures (collateral kills)
  2 two-headed ogres
  An orc sorcerer (Bailey)
  An acid dragon (D:8)
  A water moccasin (D:7)
  8 orc warriors
  A sky beast (D:8)
  An ogre (D:4)
  3 black bears
  A centaur (D:6)
  A necrophage (D:6)
  2 bullfrogs
  A scorpion (D:6)
  A wight (D:7)
  Dowan (D:7)
  5 killer bees
  An orc priest (D:4)
  4 orc wizards
  A gnoll (Bailey)
  3 adders
  A shadow imp (D:8)
  A dart slug (D:3)
  5 orcs
  3 goblins
  2 hobgoblins (Bailey)
  8 foxfires (Sewer)
59 creatures vanquished.

Vanquished Creatures (others)
  5 battlemagi
  487 foxfires
  14 plants
506 creatures vanquished.

Grand Total: 768 creatures vanquished

Notes
Turn   | Place    | Note
-------+----------+-------------------------------------------
     0 | D:1      | croobank the Demonspawn Fire Elementalist began the quest
                  | for the Orb.
     0 | D:1      | Reached XP level 1. HP: 13/13 MP: 3/3
   260 | D:1      | Gained mutation: Potions are less effective at restoring
                  | your health. [potion of mutation]
   260 | D:1      | Gained mutation: You have sharp toenails. [potion of
                  | mutation]
   260 | D:1      | Gained mutation: Your flesh is heat resistant. (rF+)
                  | [potion of mutation]
   619 | D:1      | Gained mutation: You have sharp fingernails. [demonic
                  | ancestry]
   619 | D:1      | Reached XP level 2. HP: 19/19 MP: 5/5
   667 | D:1      | Learned a level 2 spell: Scorch
  1088 | D:1      | Gained mutation: A weak demonic guardian rushes to your
                  | aid. [demonic ancestry]
  1088 | D:1      | Reached XP level 3. HP: 25/25 MP: 3/6
  1824 | D:2      | Found a faded altar of an unknown god.
  1958 | D:2      | Reached skill level 1 in Fighting
  2283 | D:2      | Gained mutation: You are partially covered in large bone
                  | plates. (SH +4) [demonic ancestry]
  2283 | D:2      | Reached XP level 4. HP: 29/32 MP: 1/7
  2603 | D:2      | Learned a level 4 spell: Flame Wave
  3116 | D:3      | Found a glowing drain.
  3140 | Sewer    | Entered a sewer
  3378 | Sewer    | Gained mutation: You are mostly covered in large bone
                  | plates. (SH +6) [demonic ancestry]
  3378 | Sewer    | Reached XP level 5. HP: 37/37 MP: 4/9
  4224 | D:3      | Found a basalt altar of Yredelemnul.
  4288 | D:3      | Found a stormy altar of Qazlal.
  4289 | D:3      | Noticed Natasha
  4295 | D:3      | Killed Natasha
  4390 | D:3      | Noticed Natasha
  4395 | D:3      | Killed Natasha
  4396 | D:3      | Gained mutation: You are partially covered in sharp spines.
                  | [demonic ancestry]
  4396 | D:3      | Reached XP level 6. HP: 40/44 MP: 4/10
  4612 | D:3      | Noticed Natasha
  4614 | D:3      | Noticed Sigmund
  4619 | D:3      | Killed Natasha
  4657 | D:3      | Killed Sigmund
  4658 | D:3      | Reached skill level 1 in Staves
  5359 | D:4      | Reached XP level 7. HP: 51/51 MP: 4/12
  5487 | D:4      | You fall into a shaft and drop 1 floor!
  5487 | D:5      | Entered Level 5 of the Dungeon
  5636 | D:5      | Found a staircase to the Ecumenical Temple.
  5645 | D:5      | Noticed Menkaure
  5651 | D:5      | Killed Menkaure
  5656 | Temple   | Entered the Ecumenical Temple
  5661 | Temple   | Became a worshipper of Hepliaklqana the Forgotten
  5795 | D:5      | Found a runed translucent door.
  5796 | D:5      | Noticed Crazy Yiuf
  5952 | D:5      | Noticed Grinder
  5958 | D:5      | Killed Grinder
  5959 | D:5      | Gained mutation: You have very sharp fingernails. [demonic
                  | ancestry]
  5959 | D:5      | Reached XP level 8. HP: 35/58 MP: 0/13
  6136 | D:5      | Reached skill level 2 in Staves
  6516 | D:4      | Reached * piety under Hepliaklqana
  6519 | D:4      | Found an ancient bone altar of Kikubaaqudgha.
  6901 | D:4      | Noticed Ijyb
  6909 | D:4      | Killed Ijyb
  7102 | D:4      | Noticed Blork the orc
  7108 | D:4      | Killed Blork the orc
  7422 | D:4      | Reached ** piety under Hepliaklqana
  7423 | D:4      | Remembered your ancestor Edmée as a battlemage
  8359 | D:5      | Killed Crazy Yiuf
  8478 | D:6      | Gained mutation: You are mostly covered in sharp spines.
                  | [demonic ancestry]
  8478 | D:6      | Reached XP level 9. HP: 58/58 MP: 2/15
  8679 | D:6      | Reached skill level 5 in Invocations
  8812 | D:6      | Noticed a troll
  8818 | D:6      | Killed a troll
  8819 | D:6      | Reached skill level 3 in Staves
  8838 | D:7      | Found a runed translucent gate.
  8838 | D:7      | Found a runed translucent gate.
  8838 | D:7      | Found a runed translucent gate.
  8981 | D:7      | Noticed a two-headed ogre
  8996 | D:6      | Reached skill level 5 in Stealth
  9025 | D:6      | Reached skill level 5 in Fire Magic
  9111 | D:7      | Found a sparkling altar of Nemelex Xobeh.
  9123 | D:7      | Noticed Dowan
  9142 | D:7      | Killed Dowan
  9146 | D:7      | Reached skill level 5 in Spellcasting
  9146 | D:7      | Found a flagged portal.
  9164 | Bailey   | Entered a bailey
  9257 | Bailey   | Learned a level 3 spell: Inner Flame
  9292 | Bailey   | Reached *** piety under Hepliaklqana
  9341 | Bailey   | Reached skill level 5 in Fighting
  9421 | Bailey   | Acquired the +7 lajatang of Order {silver, rMut}
  9421 | Bailey   | Found the +7 lajatang of Order {silver, rMut}
  9441 | Bailey   | Found an iron altar of Okawaru.
  9443 | Bailey   | Noticed an orc sorcerer
  9450 | Bailey   | Reached skill level 4 in Staves
  9452 | Bailey   | Killed an orc sorcerer
  9453 | Bailey   | Reached XP level 10. HP: 66/66 MP: 4/17
  9454 | Bailey   | Reached skill level 5 in Staves
  9621 | Bailey   | Identified the +7 flail "Xozaqiq" {freeze, rPois rN+ Dex+3
                  | SInv}
  9685 | Bailey   | Noticed a rust devil
  9687 | Bailey   | Noticed a soul eater
  9709 | Bailey   | Reached skill level 6 in Staves
 10347 | D:7      | Noticed Duvessa
 10355 | D:7      | Killed Duvessa
 10461 | D:7      | Reached skill level 7 in Staves
 10699 | D:7      | Killed a two-headed ogre
 10700 | D:7      | Reached skill level 8 in Staves
 11125 | D:7      | Noticed growler's ghost (novice MfTm)
 11181 | D:8      | Noticed a two-headed ogre
 11185 | D:8      | Killed a two-headed ogre
 11186 | D:8      | Reached skill level 9 in Staves
 11640 | D:8      | Reached XP level 11. HP: 66/71 MP: 10/18
 12102 | D:8      | Reached **** piety under Hepliaklqana
 12121 | D:9      | Noticed Grum
 12133 | D:9      | Noticed a deep elf pyromancer
 12142 | D:9      | Slain by Grum

Illustrated notes

Levels and vault maps discovered:
D:1:      saegor_arrival_simple_c, layout_basic
D:2:      layout_loops_corners, ebering_ecumenical_altar_rust,
          serial_bayou_lagoon_b
D:3:      layout_basic, grunt_qazlal_sundering, kennysheep_ying_yang,
          zin_statuary, gup_sewer_entry_bowl, grunt_decor_resistance,
          uniq_natasha, uniq_sigmund
D:4:      layout_layer_cave, nicolae_overflow_hidden_temple, uniq_ijyb,
          uniq_blork_the_orc
D:5:      layout_gridville, minmay_temple_entry_trees,
          nicolae_concentric_dashed_squares_mild, nicolae_figureground_pulse,
          uniq_menkaure, uniq_crazy_yiuf_cottage, uniq_grinder
D:6:      cheibrodos_fzero, layout_basic, nicolae_wu_jian_wuxing_cycle,
          kennysheep_generic_room_16
D:7:      layout_basic, old_standard_altar, gammafunk_ghost_necromancy,
          enter_bailey_3, uniq_duvessa
D:8:      layout_basic
D:9:      minmay_the_grid_3x2 [minmay_the_grid_tri_star, minmay_the_grid_paths,
          minmay_the_grid_outer_diamond, minmay_the_grid_plusring,
          minmay_the_grid_minigrid_small_alt,
          minmay_the_grid_prize_inner_circle], layout_loops_ring, serial_shops,
          nicolae_lakefront_shop, nicolae_shop_trees, kennysheep_little_box,
          nicolae_shop_hallway_plus, nicolae_shop_hallway_plus,
          hangedman_feature_mirror, dreamdust_princess_bridge, uniq_grum
Temple:   nicolae_temple_bog_church

Skill      XL: |  1  2  3  4  5  6  7  8  9 10 |
---------------+-------------------------------+-----
Dodging        | 2 3 4 |  4.8
Stealth        | 2 3 4 5 |  5.3
Fighting       | 1 2 3 4 5 |  5.0
Fire Magic     | 3 4 5 |  5.2
Conjurations   | 2 3 4 |  4.9
Spellcasting   | 3 4 5 |  5.1
Staves         | 1 2 4 9 |  9.7
Invocations    | 2 4 6 |  6.9

Action                   |  1- 3 |  4- 6 |  7- 9 | 10-12 || total
-------------------------+-------+-------+-------+-------++-------
Melee: Unarmed           |    10 |       |       |       ||    10
       Dagger            |    24 |    20 |       |       ||    44
       Kick              |     5 |       |     8 |     5 ||    18
       Short sword       |       |     7 |    18 |       ||    25
       Lajatang          |       |       |       |    29 ||    29
 Cast: Foxfire           |    32 |    68 |   129 |    51 ||   280
       Scorch            |    17 |    26 |    74 |    47 ||   164
       Flame Wave        |       |       |     1 |     1 ||     2
       Inner Flame       |       |       |       |     1 ||     1
Invok: Ancestor Life: Ba |       |       |     1 |       ||     1
  Use: Potion            |     2 |       |       |     3 ||     5
       Scroll            |       |     7 |     5 |     5 ||    17
 Stab: Sleeping          |     3 |     4 |     3 |       ||    10
Armor: Robe              |     4 |     6 |     6 |       ||    16
       Troll leather arm |       |       |     3 |    14 ||    17
Dodge: Dodged            |    32 |    17 |    27 |    32 ||   108
Block: Other             |       |     3 |    12 |    17 ||    32
